 Dungeon Crawl Stone Soup version 0.29-a0-541-gaf1fc19f1b (webtiles) character file.

Game seed: 145962167463551580

41 grumblor the Ducker (level 3, -3/18 HPs)
             Began as a Spriggan Gladiator on June 3, 2022.
             Killed from afar by Natasha (7 damage)
             ... with a magic dart
             ... on level 2 of the Dungeon.
             The game lasted 00:01:59 (1523 turns).

grumblor the Ducker (Spriggan Gladiator)            Turns: 1523, Time: 00:02:00

Health: -3/18      AC:  2    Str: 10    XL:     3   Next: 32%
Magic:  4/4        EV: 19    Int:  9    God:
Gold:   68         SH:  0    Dex: 18    Spells: 2/2 levels left

rFire   . . .      SeeInvis +   l - +0 dagger (vamp)
rCold   . . .      Faith    .   (no shield)
rNeg    . . .      Spirit   .   b - +0 robe
rPois   .          Reflect  .   c - +0 hat
rElec   .          Harm     .   (no cloak)
rCorr   .          Rampage  .   (gloves unavailable)
Will    .....                   (boots unavailable)
Stlth   ++........              (no amulet)
HPRegen 0.06/turn               (no ring)
MPRegen 0.09/turn               (no ring)

@: very quick
A: very small, no large weapons, unfitting armour, see invisible, speed 3
a: no special abilities


You were on level 2 of the Dungeon.
You visited 1 branch of the dungeon, and saw 2 of its levels.

You collected 68 gold pieces.

Inventory:

Hand Weapons
 a - a +0 rapier
 l - a +0 vampiric dagger (weapon)
Missiles
 d - 3 throwing nets (quivered)
 e - 2 boomerangs
Armour
 b - a +0 robe (worn)
 c - a +0 hat (worn)
Scrolls
 f - a scroll of silence
Potions
 g - a potion of might
 h - 2 potions of curing {unknown}
 i - a potion of flight {unknown}
 j - a potion of magic {unknown}
 k - a potion of brilliance {unknown}


   Skills:
 + Level 1.7 Fighting
 + Level 3.8 Short Blades
 - Level 2.0 Throwing
 * Level 4.8 Dodging
 * Level 2.1 Stealth


You had 2 spell levels left.
You didn't know any spells.
Your spell library contained the following spells:

 Spells                   Type           Power      Damage    Failure   Level
 Conjure Flame            Conj/Fire      0%         6-21      77%         3
 Ignite Poison            Fire/Tmut/Pois 0%         N/A       77%         3
 Animate Dead             Necr           0%         N/A       99%         4
 Sticky Flame             Conj/Fire      0%         2d3       99%         4
 Borgnjor's Vile Clutch   Necr/Erth      0%         N/A       100%        5
 Death Channel            Necr           0%         N/A       100%        6


Dungeon Overview and Level Annotations

Branches:
Dungeon (2/15)

Altars:

Annotations:
D:2 Natasha


Innate Abilities, Weirdness & Mutations

You are very small and have problems with some larger weapons.
You are too small for most types of armour.
You have supernaturally acute eyesight. (SInv)
You cover ground extremely quickly. (Speed+++)


Message History

Natasha is heavily wounded.
You barely miss Natasha.
Natasha is heavily wounded.
Natasha closely misses you.
The crimson imp blinks!
You closely miss Natasha.
Natasha is heavily wounded.
Natasha misses you.
The crimson imp blinks!
You barely miss Natasha.
Natasha is heavily wounded.
Natasha casts a spell at you. The magic dart hits you!
Ouch! That really hurt!
* * * LOW HITPOINT WARNING * * *
You closely miss Natasha.
Natasha is heavily wounded.
Natasha casts a spell at you. You resist with some effort.
You miss Natasha.
Natasha is heavily wounded.
Natasha closely misses you.
You hit Natasha.
You feel better.
Natasha is heavily wounded.
You hit Natasha.
Natasha is severely wounded.
Natasha closely misses you.
You miss Natasha.
Natasha is severely wounded.
Natasha closely misses you.
The crimson imp hits you but does no damage.
You barely miss Natasha.
Natasha is severely wounded.
Natasha claws you.
* * * LOW HITPOINT WARNING * * *
You hit Natasha but do no damage.
Natasha is severely wounded.
The crimson imp hits you.
* * * LOW HITPOINT WARNING * * *
Natasha casts a spell at you. The magic dart hits you!
You die...

#....... #.......
#### #....... #. ...#
#....... #.# ...#
#....... #.# #.# ...#
#....... #.# #.# ...#
#....... ###.#
##.###h..# #######.
...# #....@...# #.
#######..# #...5....#
#. ......#..#
#......$.# #.
#####.#..###......###
#####.
#.#...........#
#.....
#####.....#.......#
#.....
#......†..#.#+#####
###.....
#.#####...#.#
#.......
#.#####...#.#
#######.......


You could see Natasha and a crimson imp (summoned).

Vanquished Creatures
  An adder (D:2)
  A dart slug (D:2)
  A ball python (D:1)
  2 bats
  4 endoplasms
  4 giant cockroaches
  3 goblins (D:1)
  A jackal (D:2)
  2 kobolds (D:1)
  2 quokkas
  2 frilled lizards (D:1)
  3 rats
26 creatures vanquished.

Notes
Turn   | Place    | Note
-------+----------+-------------------------------------------
     0 | D:1      | grumblor the Spriggan Gladiator began the quest for the
                  | Orb.
     0 | D:1      | Reached XP level 1. HP: 10/10 MP: 2/2
   140 | D:1      | Found a faded altar of an unknown god.
   244 | D:1      | Reached skill level 1 in Stealth
   244 | D:1      | Reached XP level 2. HP: 14/14 MP: 3/3
  1159 | D:2      | Reached XP level 3. HP: 18/18 MP: 4/4
  1496 | D:2      | Noticed Natasha
  1523 | D:2      | Killed from afar by Natasha

Illustrated notes

Levels and vault maps discovered:
D:1:      lightli_arrival_chessboard, layout_loops_corners, serial_glass,
          glass_columns_c, glass_columns_a,
          ebering_ecumenical_altar_sacrificial, chequers_serial_rivers_micro_b,
          dreamdust_mushroom_princess, nrook_loot_triangle,
          minmay_misc_feat_tiny, hex_tiny, kennysheep_minor_cross
D:2:      layout_basic, corexii_hall_statues_s, minmay_diced_spiral,
          uniq_natasha

Skill      XL: |  1  2  3 |
---------------+----------+-----
Stealth        | 1 2 |  2.1
Fighting       | |  1.7
Short Blades   | |  3.8
Throwing       | |  2.0
Dodging        | |  4.8

Action                   || total
-------------------------++-------
Melee: Rapier            ||    43
       Dagger            ||    91
       Punch             ||     1
  Use: Scroll            ||     4
 Stab: Sleeping          ||     4
Armor: Robe              ||    11
Dodge: Dodged            ||   101

Table legend: (Time is in decaauts)
 A = Elapsed time spent in this place.
 B = Non-inter-level travel time spent in this place.
 C = Inter-level travel time spent in this place.
 D = Time resting spent in this place.
 E = Time spent auto-exploring this place.
 F = Levels seen in this place.
 G = Mean time per level.
                   A        B        C        D        E       F      G
               +--------+--------+--------+--------+--------+-----+--------+
         Total |   1080 |   1058 |     22 |      0 |    852 |   2 |  540.0 |
       Dungeon |   1080 |   1058 |     22 |      0 |    852 |   2 |  540.0 |
               +--------+--------+--------+--------+--------+-----+--------+

Top non-repeatable levels by time:
     D:1: 738 daAuts
     D:2: 342 daAuts
